General information
- name: FFA!!!!
- type: Custom game
- host: Freeze27
- saver: carlsonnn
map: MarketSquare
- players: 8
- length: 76:00
- speed: Fast
- version: 1.26 W3XP
- replay type: Public
» download(477 KB)
Players
team 1 (winner)
Freeze27 (
blue | 38 APM | 820 actions | 21:41)
4 Death Knight
2 Death Coil
2 Death Pact
3 Lich
2 Frost Nova
1 Frost Armor
» actions
| Build / train | 54 | |
| Enter build submenu | 21 | |
| Enter hero's abilities submenu | 7 | |
| Remove unit from queue | 1 | |
| Right click | 441 | |
| Select / deselect | 248 | |
| Use ability | 47 | |
820 total
» units
| Acolyte | 9 | |
| Ghoul | 3 | |
| Crypt Fiend | 9 | |
| Obsidian Statue | 3 | |
| Frost Wyrm | 4 | |
28 total
» upgrades
| Creature Carapace | 2 | |
| Creature Attack | 2 | |
| Web | 1 | |
| Destroyer Form | 1 | |
6 total
» buildings
| Crypt | 1 | |
| Graveyard | 1 | |
| Ziggurat | 9 | |
| Altar of Darkness | 1 | |
| Tomb of Relics | 1 | |
| Halls of the Dead | 1 | |
| Spirit Tower | 6 | |
| Slaughterhouse | 1 | |
| Sacrificial Pit | 1 | |
| Black Citadel | 1 | |
| Necropolis | 1 | |
| Boneyard | 2 | |
26 total
» build order
00:07 Crypt
00:10 Graveyard
00:22 Ziggurat
01:11 Altar of Darkness
02:11 Tomb of Relics
02:22 Ziggurat
03:01 Ziggurat
05:00 Halls of the Dead
05:10 Spirit Tower
05:58 Ziggurat
06:45 Ziggurat
07:45 Slaughterhouse
08:05 Sacrificial Pit
09:21 Spirit Tower
10:59 Ziggurat
11:19 Ziggurat
12:11 Spirit Tower
12:14 Spirit Tower
13:33 Black Citadel
13:54 Necropolis
14:32 Spirit Tower
14:37 Ziggurat
14:39 Ziggurat
16:00 Spirit Tower
16:09 Boneyard
16:10 Boneyard
» items
| Rod of Necromancy | 1 | |
| Periapt of Vitality | 2 | |
3 total
team 2 (loser)
HarMoriCaN (
red | 130 APM | 9895 actions | 76:00)
8 Archmage
3 Summon Water Elemental
3 Brilliance Aura
1 Mass Teleport
1 Blizzard
7 Mountain King
3 Storm Bolt
3 Bash
1 Avatar
6 Paladin
3 Holy Light
1 Devotion Aura
1 Divine Shield
1 Resurrection
» actions
| Assign group hotkey | 106 | |
| Basic commands | 301 | |
| Build / train | 271 | |
| ESC pressed | 12 | |
| Enter build submenu | 86 | |
| Enter hero's abilities submenu | 21 | |
| Give item / drop item | 8 | |
| Remove unit from queue | 7 | |
| Right click | 3384 | |
| Select / deselect | 1207 | |
| Select group hotkey | 3970 | |
| Use ability | 522 | |
9895 total
» units
| Peasant | 46 | |
| Footman | 6 | |
| Rifleman | 10 | |
| Sorceress | 5 | |
| Forest Troll High Priest | 1 | |
| Kobold Geomancer | 2 | |
| Assassin | 2 | |
| Priest | 2 | |
| Spell Breaker | 19 | |
| Siege Engine | 9 | |
| Gryphon Rider | 2 | |
| Flying Machine | 1 | |
| Knight | 1 | |
106 total
» upgrades
| Masonry | 3 | |
| Defend | 1 | |
| Lumber Harvesting | 2 | |
| Gunpowder | 3 | |
| Sorceress Training | 2 | |
| Long Rifles | 1 | |
| Priest Training | 2 | |
| Armor | 3 | |
| Magic Sentry | 1 | |
| Swords | 3 | |
| Animal War Training | 1 | |
| Control Magic | 1 | |
| Storm Hammers | 1 | |
| Barrage | 1 | |
| Plating | 1 | |
26 total
» buildings
| Altar of Kings | 1 | |
| Barracks | 3 | |
| Farm | 15 | |
| Scout Tower | 37 | |
| Lumber Mill | 4 | |
| Arcane Tower | 11 | |
| Town Hall | 6 | |
| Guard Tower | 29 | |
| Keep | 3 | |
| Arcane Vault | 1 | |
| Blacksmith | 1 | |
| Arcane Sanctum | 2 | |
| Castle | 2 | |
| Gryphon Aviary | 5 | |
| Workshop | 2 | |
122 total
» build order
00:14 Altar of Kings
00:38 Barracks
00:53 Farm
01:09 Farm
01:57 Farm
02:15 Scout Tower
02:41 Farm
02:54 Lumber Mill
03:36 Arcane Tower
03:37 Arcane Tower
04:28 Farm
04:37 Town Hall
04:40 Scout Tower
04:41 Scout Tower
04:44 Farm
05:10 Guard Tower
05:10 Guard Tower
05:16 Keep
05:16 Keep
05:47 Farm
06:23 Scout Tower
06:32 Arcane Vault
06:46 Blacksmith
06:53 Guard Tower
06:53 Guard Tower
06:56 Scout Tower
07:51 Arcane Sanctum
08:26 Barracks
09:24 Farm
10:30 Lumber Mill
11:22 Castle
11:22 Castle
11:46 Farm
11:47 Farm
12:46 Farm
12:47 Farm
17:16 Arcane Tower
17:16 Arcane Tower
17:24 Scout Tower
17:25 Scout Tower
17:42 Town Hall
17:45 Scout Tower
18:00 Guard Tower
18:19 Scout Tower
18:19 Scout Tower
18:20 Scout Tower
18:24 Scout Tower
18:28 Arcane Tower
18:28 Arcane Tower
18:36 Scout Tower
18:49 Guard Tower
18:49 Guard Tower
18:49 Guard Tower
22:41 Guard Tower
22:49 Scout Tower
22:50 Scout Tower
22:52 Scout Tower
23:19 Arcane Tower
25:27 Guard Tower
25:28 Lumber Mill
26:31 Scout Tower
27:51 Gryphon Aviary
27:57 Scout Tower
27:58 Scout Tower
28:00 Gryphon Aviary
28:13 Workshop
28:22 Guard Tower
28:22 Guard Tower
28:29 Guard Tower
28:33 Scout Tower
28:34 Lumber Mill
29:02 Guard Tower
29:07 Gryphon Aviary
29:10 Farm
31:57 Arcane Sanctum
32:17 Workshop
35:24 Farm
35:25 Farm
37:37 Scout Tower
37:37 Scout Tower
37:39 Scout Tower
37:40 Scout Tower
37:42 Town Hall
38:17 Guard Tower
38:19 Scout Tower
38:44 Scout Tower
38:44 Scout Tower
39:34 Arcane Tower
39:35 Arcane Tower
39:36 Scout Tower
39:39 Guard Tower
40:41 Town Hall
54:21 Scout Tower
54:24 Scout Tower
54:37 Scout Tower
54:51 Town Hall
57:44 Scout Tower
57:45 Scout Tower
58:06 Guard Tower
58:12 Guard Tower
58:12 Guard Tower
58:13 Guard Tower
58:35 Guard Tower
58:35 Guard Tower
58:37 Scout Tower
59:28 Guard Tower
59:28 Guard Tower
66:55 Gryphon Aviary
66:59 Gryphon Aviary
67:59 Barracks
69:45 Town Hall
69:49 Scout Tower
69:51 Scout Tower
70:34 Guard Tower
71:13 Scout Tower
» items
| Potion of Healing | 4 | |
| Boots of Speed | 1 | |
| Periapt of Vitality | 3 | |
| Circlet of Nobility | 1 | |
| Scroll of Regeneration | 1 | |
| Scroll of Town Portal | 14 | |
| Orb of Fire | 1 | |
| Staff of Sanctuary | 1 | |
| Potion of Mana | 1 | |
| Scroll of Healing | 1 | |
| Potion of Lesser Invulnerability | 1 | |
29 total
team 3 (loser)
hasupapa (
teal | 63 APM | 4816 actions | 76:00)
5 Keeper of the Grove
3 Entangling Roots
2 Thorns Aura
4 Priestess of the Moon
2 Trueshot Aura
2 Scout
» actions
| Assign group hotkey | 62 | |
| Basic commands | 523 | |
| Build / train | 178 | |
| ESC pressed | 4 | |
| Enter build submenu | 54 | |
| Enter hero's abilities submenu | 9 | |
| Give item / drop item | 1 | |
| Right click | 1192 | |
| Select / deselect | 1277 | |
| Select group hotkey | 1274 | |
| Use ability | 241 | |
4816 total
» units
| Wisp | 81 | |
| Archer | 29 | |
| Druid of the Talon | 21 | |
| Dryad | 7 | |
138 total
» upgrades
| Improved Bows | 1 | |
| Strength of the Moon | 3 | |
| Marksmanship | 1 | |
| Druid of the Talon Training | 2 | |
| Moon Armor | 1 | |
| Reinforced Hides | 1 | |
| Well Spring | 1 | |
| Resistant Skin | 1 | |
11 total
» buildings
| Moon Well | 19 | |
| Altar of Elders | 3 | |
| Ancient of War | 3 | |
| Ancient of Wonders | 1 | |
| Hunter's Hall | 1 | |
| Ancient Protector | 7 | |
| Tree of Ages | 2 | |
| Tree of Eternity | 2 | |
| Ancient of Wind | 2 | |
| Tree of Life | 14 | |
| Ancient of Lore | 1 | |
55 total
» build order
00:34 Moon Well
00:49 Altar of Elders
01:03 Ancient of War
01:57 Moon Well
02:13 Moon Well
03:06 Ancient of Wonders
03:20 Ancient of War
03:37 Hunter's Hall
05:02 Moon Well
06:24 Ancient Protector
06:39 Ancient Protector
07:31 Moon Well
07:39 Ancient Protector
08:04 Tree of Ages
09:33 Ancient Protector
10:48 Tree of Eternity
10:54 Ancient of Wind
13:09 Moon Well
15:15 Tree of Life
20:10 Moon Well
22:35 Ancient of Lore
27:22 Tree of Life
31:24 Tree of Life
36:28 Tree of Life
41:15 Tree of Life
44:54 Tree of Life
48:46 Ancient Protector
50:09 Tree of Life
52:41 Tree of Life
54:54 Tree of Life
55:29 Altar of Elders
55:34 Moon Well
55:55 Moon Well
55:58 Moon Well
57:48 Moon Well
57:52 Moon Well
59:48 Tree of Life
59:59 Ancient Protector
61:17 Ancient Protector
61:21 Altar of Elders
62:51 Moon Well
63:32 Tree of Life
65:41 Tree of Life
65:45 Tree of Life
65:57 Tree of Ages
68:30 Tree of Life
68:51 Tree of Eternity
69:10 Moon Well
70:12 Moon Well
71:29 Moon Well
72:36 Moon Well
75:23 Ancient of War
75:24 Ancient of Wind
75:26 Moon Well
75:27 Moon Well
» items
| Potion of Healing | 2 | |
| Scroll of Town Portal | 9 | |
| Orb of Venom | 1 | |
| Boots of Speed | 1 | |
13 total
team 4 (loser)

»
carlsonnn (
yellow | 127 APM | 9634 actions | 76:00)
10 Blademaster
3 Wind Walk
3 Critical Strike
1 Bladestorm
3 Mirror Image
10 Shadow Hunter
3 Hex
3 Healing Wave
1 Big Bad Voodoo
3 Serpent Ward
8 Tauren Chieftain
3 War Stomp
3 Endurance Aura
1 Reincarnation
1 Shockwave
» actions
| Assign group hotkey | 87 | |
| Basic commands | 6 | |
| Build / train | 207 | |
| ESC pressed | 9 | |
| Enter build submenu | 72 | |
| Enter hero's abilities submenu | 28 | |
| Give item / drop item | 4 | |
| Right click | 3775 | |
| Select / deselect | 2574 | |
| Select group hotkey | 2210 | |
| Use ability | 662 | |
9634 total
» units
| Peon | 70 | |
| Grunt | 5 | |
| Spirit Walker | 2 | |
| Raider | 2 | |
| Tauren | 9 | |
| Shaman | 10 | |
| Troll Witch Doctor | 8 | |
| Troll Batrider | 15 | |
| Kodo Beast | 1 | |
122 total
» upgrades
| Melee Weapons | 3 | |
| Berserker Strength | 1 | |
| Spirit Walker Training | 2 | |
| Ensnare | 1 | |
| Shaman Training | 2 | |
| Ranged Weapons | 2 | |
| Pulverize | 1 | |
| Witch Doctor Training | 2 | |
| Reinforced Defenses | 1 | |
| Liquid Fire | 1 | |
| Armor | 3 | |
| War Drums Damage Increase | 1 | |
20 total
» buildings
| Altar of Storms | 1 | |
| Orc Burrow | 20 | |
| Barracks | 1 | |
| Voodoo Lounge | 2 | |
| War Mill | 1 | |
| Stronghold | 1 | |
| Watch Tower | 19 | |
| Beastiary | 2 | |
| Spirit Lodge | 2 | |
| Fortress | 1 | |
| Great Hall | 14 | |
| Tauren Totem | 2 | |
66 total
» build order
00:05 Altar of Storms
00:18 Orc Burrow
00:40 Barracks
01:31 Orc Burrow
01:57 Voodoo Lounge
03:01 War Mill
03:35 Stronghold
04:15 Orc Burrow
04:42 Watch Tower
04:47 Watch Tower
06:19 Beastiary
06:22 Spirit Lodge
07:29 Fortress
08:16 Great Hall
09:11 Orc Burrow
10:43 Tauren Totem
10:47 Spirit Lodge
12:44 Watch Tower
12:46 Watch Tower
16:23 Voodoo Lounge
17:03 Tauren Totem
17:05 Beastiary
17:08 Orc Burrow
21:19 Watch Tower
21:21 Great Hall
21:24 Watch Tower
22:30 Orc Burrow
22:32 Watch Tower
22:38 Watch Tower
25:43 Watch Tower
26:15 Orc Burrow
26:18 Watch Tower
26:18 Watch Tower
34:40 Great Hall
34:41 Watch Tower
35:44 Great Hall
35:45 Watch Tower
35:47 Watch Tower
35:48 Watch Tower
40:04 Orc Burrow
40:05 Orc Burrow
40:13 Great Hall
41:08 Great Hall
41:10 Watch Tower
44:18 Watch Tower
44:18 Watch Tower
44:20 Watch Tower
47:02 Great Hall
47:05 Great Hall
53:16 Great Hall
53:38 Orc Burrow
55:18 Orc Burrow
57:33 Great Hall
57:44 Great Hall
58:17 Orc Burrow
62:00 Orc Burrow
62:48 Orc Burrow
62:48 Orc Burrow
65:16 Orc Burrow
65:16 Orc Burrow
68:07 Great Hall
68:56 Great Hall
69:16 Orc Burrow
69:57 Orc Burrow
69:59 Orc Burrow
72:19 Great Hall
» items
| Healing Salve | 5 | |
| Lesser Clarity Potion | 13 | |
| Scroll of Speed | 2 | |
| Orb of Lightning | 1 | |
| Scroll of Town Portal | 6 | |
| Potion of Mana | 2 | |
29 total
team 5 (loser)

»
kedinn (
pink | 36 APM | 672 actions | 18:26)
1 Lich
1 Frost Nova
» actions
| Basic commands | 17 | |
| Build / train | 70 | |
| Enter build submenu | 14 | |
| Enter hero's abilities submenu | 1 | |
| Remove unit from queue | 12 | |
| Right click | 292 | |
| Select / deselect | 232 | |
| Use ability | 34 | |
672 total
» units
| Acolyte | 6 | |
| Ghoul | 12 | |
| Necromancer | 6 | |
| Meatwagon | 3 | |
| Gargoyle | 7 | |
| Banshee | 1 | |
35 total
» upgrades
| Backpack | 1 | |
| Necromancer Training | 1 | |
| Banshee Training | 1 | |
| Skeletal Longevity | 1 | |
| Exhume Corpses | 1 | |
| Cannibalize | 1 | |
| Burrow | 0 | |
| Web | 0 | |
| Unholy Strength | 0 | |
| Creature Attack | 2 | |
| Creature Carapace | 1 | |
9 total
» buildings
| Crypt | 1 | |
| Altar of Darkness | 1 | |
| Graveyard | 1 | |
| Ziggurat | 11 | |
| Tomb of Relics | 1 | |
| Spirit Tower | 4 | |
| Halls of the Dead | 1 | |
| Nerubian Tower | 2 | |
| Temple of the Damned | 1 | |
| Slaughterhouse | 1 | |
| Sacrificial Pit | 1 | |
| Black Citadel | 1 | |
26 total
» build order
00:44 Crypt
00:57 Altar of Darkness
01:07 Graveyard
01:30 Ziggurat
01:32 Ziggurat
02:02 Tomb of Relics
03:01 Spirit Tower
04:48 Halls of the Dead
05:04 Ziggurat
05:07 Ziggurat
06:06 Nerubian Tower
06:08 Spirit Tower
07:35 Temple of the Damned
07:41 Slaughterhouse
07:48 Sacrificial Pit
08:35 Ziggurat
08:36 Ziggurat
10:30 Nerubian Tower
10:31 Spirit Tower
12:59 Black Citadel
15:31 Ziggurat
15:32 Ziggurat
15:32 Ziggurat
15:34 Ziggurat
15:34 Ziggurat
16:33 Spirit Tower
» items
| Rod of Necromancy | 5 | |
| Scroll of Town Portal | 1 | |
6 total
team 6 (loser)

»
pady09 (
light-blue | 36 APM | 353 actions | 09:47)
2 Death Knight
1 Death Coil
1 Death Pact
» actions
| Build / train | 31 | |
| Enter build submenu | 8 | |
| Enter hero's abilities submenu | 2 | |
| Right click | 140 | |
| Select / deselect | 161 | |
| Use ability | 11 | |
353 total
» units
| Acolyte | 7 | |
| Ghoul | 7 | |
| Crypt Fiend | 7 | |
21 total
» upgrades
| Creature Attack | 1 | |
| Creature Carapace | 2 | |
3 total
» buildings
| Crypt | 1 | |
| Graveyard | 1 | |
| Ziggurat | 5 | |
| Altar of Darkness | 1 | |
| Nerubian Tower | 3 | |
| Halls of the Dead | 1 | |
12 total
» build order
00:09 Crypt
00:13 Graveyard
00:22 Ziggurat
01:16 Altar of Darkness
01:41 Ziggurat
04:09 Nerubian Tower
05:19 Ziggurat
06:11 Nerubian Tower
06:35 Halls of the Dead
06:48 Nerubian Tower
08:44 Ziggurat
08:59 Ziggurat
team 7 (loser)
Just4fun1 (
orange | 119 APM | 2587 actions | 21:41)
4 Death Knight
2 Death Coil
2 Unholy Aura
3 Lich
2 Frost Nova
1 Frost Armor
2 Crypt Lord
1 Impale
1 Spiked Carapace
» actions
| Assign group hotkey | 35 | |
| Basic commands | 91 | |
| Build / train | 90 | |
| ESC pressed | 3 | |
| Enter build submenu | 15 | |
| Enter hero's abilities submenu | 10 | |
| Give item / drop item | 5 | |
| Remove unit from queue | 1 | |
| Right click | 1039 | |
| Select / deselect | 258 | |
| Select group hotkey | 960 | |
| Use ability | 80 | |
2587 total
» units
| Acolyte | 2 | |
| Ghoul | 8 | |
| Crypt Fiend | 1 | |
| Gargoyle | 9 | |
| Obsidian Statue | 4 | |
| Abomination | 3 | |
27 total
» upgrades
| Backpack | 1 | |
| Ghoul Frenzy | 1 | |
| Creature Attack | 3 | |
| Creature Carapace | 3 | |
| Stone Form | 1 | |
| Disease Cloud | 1 | |
| Burrow | 1 | |
| Destroyer Form | 1 | |
12 total
» buildings
| Altar of Darkness | 1 | |
| Ziggurat | 6 | |
| Crypt | 1 | |
| Tomb of Relics | 1 | |
| Nerubian Tower | 1 | |
| Halls of the Dead | 4 | |
| Graveyard | 1 | |
| Black Citadel | 4 | |
| Slaughterhouse | 1 | |
| Sacrificial Pit | 1 | |
| Boneyard | 1 | |
| Spirit Tower | 1 | |
23 total
» build order
00:07 Altar of Darkness
00:09 Ziggurat
00:26 Crypt
00:57 Tomb of Relics
01:19 Ziggurat
01:36 Nerubian Tower
02:56 Halls of the Dead
02:56 Halls of the Dead
02:57 Halls of the Dead
02:57 Halls of the Dead
03:11 Graveyard
03:39 Ziggurat
04:33 Ziggurat
05:36 Black Citadel
05:37 Black Citadel
06:30 Ziggurat
06:49 Slaughterhouse
14:47 Ziggurat
18:16 Sacrificial Pit
20:42 Boneyard
21:00 Spirit Tower
» items
| Rod of Necromancy | 2 | |
| Dust of Appearance | 1 | |
| Scroll of Town Portal | 2 | |
| Potion of Healing | 2 | |
| Orb of Corruption | 3 | |
| Scroll of Healing | 3 | |
| Potion of Lesser Invulnerability | 1 | |
14 total
team 8 (loser)
SuSluk (
green | 82 APM | 3286 actions | 39:55)
6 Blademaster
3 Wind Walk
2 Critical Strike
1 Bladestorm
4 Shadow Hunter
2 Hex
2 Healing Wave
3 Tauren Chieftain
2 Endurance Aura
1 Shockwave
» actions
| Assign group hotkey | 34 | |
| Basic commands | 138 | |
| Build / train | 134 | |
| Enter build submenu | 34 | |
| Enter hero's abilities submenu | 14 | |
| Give item / drop item | 9 | |
| Remove unit from queue | 1 | |
| Right click | 1300 | |
| Select / deselect | 401 | |
| Select group hotkey | 1033 | |
| Use ability | 188 | |
3286 total
» units
| Peon | 22 | |
| Wind Rider | 10 | |
| Troll Witch Doctor | 8 | |
| Shaman | 8 | |
| Troll Headhunter/Berserker | 7 | |
55 total
» upgrades
| Armor | 3 | |
| Spiked Barricades | 3 | |
| Reinforced Defenses | 1 | |
| Ranged Weapons | 3 | |
| Envenomed Spears | 1 | |
| Witch Doctor Training | 2 | |
| Shaman Training | 2 | |
| Berserker Upgrade | 1 | |
| Troll Regeneration | 1 | |
17 total
» buildings
| Altar of Storms | 1 | |
| Orc Burrow | 8 | |
| War Mill | 2 | |
| Voodoo Lounge | 1 | |
| Watch Tower | 5 | |
| Stronghold | 3 | |
| Fortress | 1 | |
| Beastiary | 3 | |
| Great Hall | 4 | |
| Spirit Lodge | 2 | |
| Barracks | 3 | |
33 total
» build order
00:08 Altar of Storms
00:21 Orc Burrow
00:39 War Mill
01:33 Voodoo Lounge
02:04 Watch Tower
02:09 Watch Tower
02:50 Orc Burrow
03:05 Stronghold
03:06 Stronghold
03:06 Stronghold
04:01 Watch Tower
04:30 Orc Burrow
05:27 Fortress
05:33 Beastiary
06:45 Beastiary
08:51 Beastiary
10:11 Great Hall
11:09 Spirit Lodge
13:07 Orc Burrow
15:28 Spirit Lodge
17:42 Orc Burrow
18:05 Orc Burrow
18:23 Watch Tower
21:03 War Mill
25:06 Orc Burrow
25:10 Orc Burrow
25:23 Watch Tower
27:58 Great Hall
28:12 Great Hall
33:42 Barracks
33:44 Barracks
35:27 Barracks
36:48 Great Hall
» items
| Healing Salve | 7 | |
| Lesser Clarity Potion | 7 | |
| Scroll of Speed | 2 | |
| Boots of Speed | 1 | |
| Orb of Lightning | 1 | |
| Scroll of Town Portal | 5 | |
| Potion of Healing | 1 | |
| Circlet of Nobility | 1 | |
| Potion of Lesser Invulnerability | 1 | |
26 total
Chat log
(00:21 / All) HarMoriCaN: CA A COMMENCE YA LONGTEMP,
(00:26 / All) HarMoriCaN: ?
(00:39 / All) kedinn: oui ^^
(00:45 / All) HarMoriCaN: vive la france
(00:52 / All) kedinn: ouai !
(01:04 / All) carlsonnn: vous etez moches
(01:12 / All) kedinn: Je n'en doute pas
(01:18 / All) carlsonnn: quoi?
(01:20 / All) HarMoriCaN: donc tu es moche
(01:24 / All) kedinn: certe
(01:39 / All) carlsonnn: je ne parle pas francais
(01:44 / All) kedinn: ça se vois
(01:49 / All) HarMoriCaN: je t'emmerde
(01:54 / All) kedinn: merci
(02:02 / All) Just4fun1: stfu
(02:07 / All) kedinn: stfu
(02:11 / All) pady09: nicht pady bin tesung
(02:12 / All) Just4fun1: :)
(02:16 / All) pady09: te-sung
(02:20 / All) kedinn: I hope so
(02:24 / All) pady09: kolege von ihn
(02:40 / All) pady09: untote
(02:52 / All) kedinn: Ich libe W3
(03:13 / All) kedinn: orange, I don't like you
(04:44 / All) kedinn: :D
(18:22 / All) kedinn: gg
(20:36 / All) carlsonnn: fuck u green
(21:41 / All) HarMoriCaN: il aime pas perdre
(44:06 / All) carlsonnn: fuck off teal
(44:09 / All) carlsonnn: fucking cancer noob
(44:49 / All) carlsonnn: red go together finish the noob?
(44:59 / All) HarMoriCaN: no sry ffa
(51:40 / All) carlsonnn: gogo team
(51:40 / All) carlsonnn: ffs
(51:51 / All) HarMoriCaN: dont cry
(51:53 / All) carlsonnn: fuck u
(52:03 / All) HarMoriCaN: yea cry cry its good
(52:11 / All) HarMoriCaN: good boy
(69:37 / All) HarMoriCaN: LOL
(70:58 / All) hasupapa: fuck you yellow
(71:04 / All) hasupapa: :)
(71:15 / All) carlsonnn: worst player ever: hasupapa
(73:13 / All) carlsonnn: u lost anyway :)
(75:08 / All) hasupapa: u have army red ?
(75:15 / All) HarMoriCaN: maybe
(75:32 / All) carlsonnn: teal and red u are worst players ever
(75:45 / All) HarMoriCaN: lol
(75:50 / Observers) carlsonnn: fucking noobs
(75:51 / All) hasupapa: :)